 Dungeon Crawl Stone Soup version 0.30-a0-722-g3e6e8c874d (webtiles) character file.

Game seed: 13807006954079423468

131 Dittersdorf the Shield-Bearer (level 5, -6/33 HPs)
             Began as a Gargoyle Fighter on Jan 27, 2023.
             Mangled by Crazy Yiuf
             ... wielding a +4 quarterstaff of chaos
              (8 damage)
             ... on level 3 of the Dungeon.
             The game lasted 00:02:36 (2200 turns).

Dittersdorf the Shield-Bearer (Gargoyle Fighter)    Turns: 2200, Time: 00:02:36

Health: -6/33      AC: 12    Str: 22    XL:     5   Next: 14%
Magic:  5/5        EV:  8    Int:  8    God:
Gold:   181        SH:  8    Dex:  9    Spells: 4/4 levels left

rFire   . . .      SeeInvis .    a - +0 flail
rCold   . . .      Faith    +    u - +0 kite shield
rNeg    + . .      Spirit   .    b - +0 scale mail
rPois   ∞          Reflect  .    (no helmet)
rElec   +          Harm     .    s - +0 cloak
rCorr   .          Rampage  .    (no gloves)
Will    .....                    (no boots) Stlth
                                 m - amulet of faith
HPRegen 0.25/turn                (no ring)
MPRegen 0.09/turn                (no ring)

@: no status effects
A: sickness immunity, AC +4, negative energy resistance 1, electricity
resistance, torment resistance 1, petrification resistance
a: no special abilities


You were on level 3 of the Dungeon.
You visited 1 branch of the dungeon, and saw 3 of its levels.

You collected 181 gold pieces.

Inventory:

Hand Weapons
 a - a +0 flail (weapon)
Missiles
 g - 2 poisoned darts (quivered)
Armour
 b - a +0 scale mail (worn)
 k - a +0 plate armour
 s - a +0 cloak (worn)
 u - a +0 kite shield (worn)
Jewellery
 m - an amulet of faith (around neck)
Wands
 t - a wand of paralysis (5)
Scrolls
 c - 6 scrolls of teleportation {unknown}
 e - 2 scrolls of amnesia {unknown}
 f - 2 scrolls of noise {unknown}
 i - 2 scrolls of fog {unknown}
 j - 2 scrolls of silence {unknown}
 o - a scroll of fear {unknown}
 r - a scroll of torment {unknown}
Potions
 d - a potion of might
 h - a potion of degeneration {unknown}
 l - a potion of brilliance {unknown}
 n - 2 potions of berserk rage {unknown}
 p - a potion of curing {unknown}
 q - a potion of heal wounds {unknown}


   Skills:
 + Level 4.2 Fighting
 + Level 3.0 Maces & Flails
 + Level 4.1 Armour
 + Level 4.2 Shields


You had 4 spell levels left.
You didn't know any spells.
Your spell library contained the following spells:

 Spells                   Type           Power      Damage    Failure   Level
 Ensorcelled Hibernation  Hex/Ice        0%         N/A       99%         2
 Passwall                 Tmut/Erth      0%         N/A       99%         2
 Call Canine Familiar     Summ           0%         N/A       100%        3
 Mephitic Cloud           Conj/Pois/Air  0%         N/A       100%        3
 Portal Projectile        Hex/Tloc       0%         N/A       100%        3
 Swiftness                Air            0%         N/A       100%        3
 Leda's Liquefaction      Hex/Erth       0%         N/A       100%        4
 Sticky Flame             Conj/Fire      0%         2d3       100%        4
 Fireball                 Conj/Fire      0%         3d3       100%        5
 Cigotuvi's Dreadful Rot  Necr/Pois/Air  Unusable   N/A       N/A         2

Dungeon Overview and Level Annotations

Branches:
Dungeon (3/15)

Altars:
Fedhas

Annotations:
D:3 Crazy Yiuf


Innate Abilities, Weirdness & Mutations

You are immune to sickness and miasma.
Your stone body is resilient. (AC +4)
You are immune to poison.
You resist negative energy. (rN+)
You are resistant to electric shocks. (rElec)
You are resistant to unholy torment.
You are immune to petrification.


Message History

Found a hammer.
Found a runed translucent door.
Could not explore, unopened runed door.
You open the door.
Throw: 6 darts (poison)
Press: ? - help, Q - select action, (/) - cycle Shift-Dir - straight line, f - Crazy Yiuf
Aim: Crazy Yiuf, wielding a +4 quarterstaff of chaos and wearing a +0 cloak of stealth (60% to hit)
You throw a poisoned dart.
The poisoned dart barely misses Crazy Yiuf.
Crazy Yiuf hits you with a +4 quarterstaff of chaos.
Throw: 5 darts (poison)
Press: ? - help, Q - select action, (/) - cycle Shift-Dir - straight line, f/p - Crazy Yiuf
Aim: Crazy Yiuf, wielding a +4 quarterstaff of chaos and wearing a +0 cloak of stealth (60% to hit)
You throw a poisoned dart. The poisoned dart hits Crazy Yiuf.
Crazy Yiuf closely misses you.
Throw: 4 darts (poison)
Press: ? - help, Q - select action, (/) - cycle Shift-Dir - straight line, f/p - Crazy Yiuf
Aim: Crazy Yiuf, wielding a +4 quarterstaff of chaos and wearing a +0 cloak of stealth (60% to hit)
You throw a poisoned dart. The poisoned dart hits Crazy Yiuf.
Crazy Yiuf is poisoned.
Crazy Yiuf drinks a potion.
Crazy Yiuf seems to speed up.
Throw: 3 darts (poison)
Press: ? - help, Q - select action, (/) - cycle Shift-Dir - straight line, f/p - Crazy Yiuf
Aim: Crazy Yiuf, wielding a +4 quarterstaff of chaos and wearing a +0 cloak of stealth (lightly wounded, fast, poisoned, 60% to hit)
You throw a poisoned dart.
The poisoned dart barely misses Crazy Yiuf.
Crazy Yiuf cries, "Paint!
Goober sow sing-song."
You block Crazy Yiuf's attack.
Crazy Yiuf hits you with a +4 quarterstaff of chaos!
You hit Crazy Yiuf but do no damage.
Crazy Yiuf is lightly wounded.
You block Crazy Yiuf's attack. x2
You barely miss Crazy Yiuf.
Crazy Yiuf is lightly wounded.
Crazy Yiuf laughs, "Spliff bag arm!"
Crazy Yiuf hits you with a +4 quarterstaff of chaos!
* * * LOW HITPOINT WARNING * * *
Crazy Yiuf freezes you.
* * * LOW HITPOINT WARNING * * *
Crazy Yiuf hits you with a +4 quarterstaff of chaos!
You die...

#####....# ##.##
## #....# #.#
#....# #.# ##...#
##'## ##.##
#...## ##.#
#....## # #.##
#.....## ## ##.#
#......####. #@##
#......+.... #g#
#......####. ...
#.....## #. #...#
#....## #. #)(.#
#...## #. #####
##'## #. #)# ##
### #.#
##.###########.##
#####


You could see Crazy Yiuf (fast, poisoned).

Vanquished Creatures
  A jelly (D:3)
  Jessica (D:3)
  2 adders
  2 dart slugs (D:2)
  An orc (D:3)
  4 ball pythons
  5 bats
  3 endoplasms
  2 giant cockroaches
  9 hobgoblins
  8 kobolds
  2 quokkas (D:2)
  A frilled lizard (D:2)
  5 goblins
  5 rats
51 creatures vanquished.

Notes
Turn   | Place    | Note
-------+----------+-------------------------------------------
     0 | D:1      | Dittersdorf the Gargoyle Fighter began the quest for the
                  | Orb.
     0 | D:1      | Reached XP level 1. HP: 14/14 MP: 1/1
   141 | D:1      | Reached XP level 2. HP: 17/19 MP: 2/2
   415 | D:1      | Reached XP level 3. HP: 23/23 MP: 3/3
  1228 | D:2      | Reached XP level 4. HP: 29/29 MP: 4/4
  1346 | D:3      | Got the Opusculum on Flaming Impurities
  1353 | D:3      | Identified the +10 falchion of Skirmishing {vamp, *Rage
                  | Int+3 SInv}
  1667 | D:3      | Found a blossoming altar of Fedhas.
  2102 | D:3      | Noticed Jessica
  2105 | D:3      | Killed Jessica
  2106 | D:3      | Reached XP level 5. HP: 33/33 MP: 5/5
  2190 | D:3      | Found a runed translucent door.
  2191 | D:3      | Noticed Crazy Yiuf
  2200 | D:3      | Mangled by Crazy Yiuf

Illustrated notes

Levels and vault maps discovered:
D:1:      evilmike_arrival_crescent, layout_basic, minmay_misc_feat_rows
D:2:      layout_basic
D:3:      layout_loops_corners, fedhas_altar_1, chequers_arboretum,
          uniq_crazy_yiuf_cottage, uniq_jessica

Skill      XL: |  1  2  3  4 |
---------------+-------------+-----
Fighting       | 4 |  4.2
Armour         | 4 |  4.1
Shields        | 4 |  4.2
Maces & Flails | 3 |  3.0

Action                     |  1- 3 |  4- 6 || total
---------------------------+-------+-------++-------
  Melee: Flail             |   133 |    40 ||   173
  Throw: Dart              |       |     4 ||     4
 Armour: Scale mail        |    78 |    40 ||   118
  Dodge: Dodged            |    65 |    35 ||   100
  Block: Buckler           |    44 |    14 ||    58
         Kite shield       |       |     4 ||     4

Table legend: (Time is in decaauts)
 A = Elapsed time spent in this place.
 B = Non-inter-level travel time spent in this place.
 C = Inter-level travel time spent in this place.
 D = Time resting spent in this place.
 E = Time spent auto-exploring this place.
 F = Levels seen in this place.
 G = Mean time per level.
                   A        B        C        D        E       F      G
               +--------+--------+--------+--------+--------+-----+--------+
         Total |   2255 |   2239 |     16 |      0 |   1783 |   3 |  751.7 |
       Dungeon |   2255 |   2239 |     16 |      0 |   1783 |   3 |  751.7 |
               +--------+--------+--------+--------+--------+-----+--------+

Top non-repeatable levels by time:
     D:1: 958 daAuts
     D:3: 865 daAuts
     D:2: 431 daAuts
